AoeStats
← 2EZ.Rolo

Lombardia

508272278Analyzed
4v4 RM · 9d ago on Sep 21, 2026· 22m 13s· 8 players
Game mode
Random Map
Map size
Large (8 player)
Population
200
Speed
Normal
Resources
Standard
Victory
Conquest
Starting age
Dark Age
Ending age
Imperial Age
RankedLock teamsTeams togetherTeam positionsShared explorationLock speedFull tech treeHidden civsTurbo modeCheats
Victory
Defeat
🇭🇺 Mongols · Hungary
1731
+6
🇭🇺 Franks · Hungary
1620
+10
🇭🇺 Gurjaras · Hungary
1546
+12
🇭🇺 Persians · Hungary
1255
+76
🇺🇸 Hindustanis · United States
1488
-14
🇦🇷 Gurjaras · Argentina
1479
-13
🇮🇳 Franks · India
1479
-13
🇮🇹 Vietnamese · Italy
1416
-11
Rabe3000
9:05 Feudal Age
11:11 Loom
16:16 Wheelbarrow
20:15 Castle Age
19:25 Bloodlines
20:14 Double-Bit Axe
ITA | GiaggiaZena
9:01 Loom
11:24 Feudal Age
16:16 Castle Age
14:22 Double-Bit Axe
15:33 Fletching
15:48 Horse Collar
18:59 Bodkin Arrow
Maverick
9:07 Loom
11:22 Feudal Age
16:25 Castle Age
16:51 Double-Bit Axe
[TOX2] A-c-Syno-666
8:02 Loom
10:26 Feudal Age
15:26 Castle Age
trombi
8:35 Feudal Age
8:16 Loom
11:12 Horse Collar
11:18 Double-Bit Axe
16:16 Wheelbarrow
19:10 Castle Age
18:10 Scale Barding Armor
18:43 Bloodlines
19:05 Gold Mining
erika
11:39 Feudal Age
15:28 Castle Age
13:19 Horse Collar
13:37 Loom
14:46 Double-Bit Axe
16:30 Bow Saw
2ez Scipi
10:52 Feudal Age
14:57 Castle Age
12:43 Double-Bit Axe
14:40 Scale Barding Armor
2EZ.Rolo
8:05 Feudal Age
8:12 Loom
8:43 Double-Bit Axe
9:17 Horse Collar
20:21 Castle Age
19:50 Bloodlines
19:54 Scale Barding Armor
20:34 Gold Mining
21:33 Chain Barding Armor
Connection lost

Rejoining the realm…

Still unreachable

The connection could not be restored.

Session expired

The server has moved on; the page needs a fresh start.